 Dungeon Crawl Stone Soup version 0.30-a0-953-g5f1da4a474 (webtiles) character file.

Game seed: 14160336033826130864

93 NinjaNoafa the Conjurer (level 4, 0/33 HPs)
             Began as a Draconian Conjurer on Mar 28, 2023.
             Killed from afar by Sigmund (9 damage)
             ... with a magic dart
             ... on level 2 of the Dungeon.
             The game lasted 00:03:30 (1482 turns).

NinjaNoafa the Conjurer (Draconian Conjurer)        Turns: 1482, Time: 00:03:30

Health: 0/33       AC:  6    Str: 10    XL:     4   Next: 37%
Magic:  1/9        EV: 12    Int: 20    God:
Gold:   114        SH:  0    Dex:  9    Spells: 6/9 levels left

rFire   . . .      SeeInvis .    d - +0 dagger
rCold   . . .      Faith    .    (no shield)
rNeg    . . .      Spirit   .    (body armour unavailable)
rPois   .          Reflect  .    (helmet restricted)
rElec   .          Rampage  .    (no cloak)
rCorr   .                        h - +0 pair of gloves
Will    .....                    (no boots)
Stlth   ++                       (no amulet)
HPRegen 0.25/turn                (no ring)
MPRegen 0.11/turn                (no ring)

@: no status effects
A: AC +5, unfitting armour, cold-blooded
a: no special abilities


You were on level 2 of the Dungeon.
You visited 1 branch of the dungeon, and saw 2 of its levels.

You collected 114 gold pieces.

Inventory:

Hand Weapons
 d - a +0 dagger (weapon)
Missiles
 q - 2 javelins
Armour
 h - a +0 pair of gloves (worn)
Magical Staves
 b - a staff of cold
Jewellery
 p - a ring of ice
Wands
 k - a wand of roots (13)
Scrolls
 c - 2 scrolls of identify {unknown}
 g - 2 scrolls of teleportation {unknown}
 i - a scroll of vulnerability {unknown}
 j - a scroll of acquirement {unknown}
 m - 3 scrolls of enchant armour {unknown}
 o - a scroll of magic mapping {unknown}
 r - a scroll of poison {unknown}
Potions
 a - a potion of magic
 e - 5 potions of attraction {unknown}
 f - a potion of brilliance {unknown}
 l - a potion of heal wounds {unknown}
 n - a potion of haste {unknown}
 s - 2 potions of curing {unknown}


   Skills:
 - Level 1.7 Dodging
 - Level 1.7 Stealth
 + Level 3.4 Spellcasting
 - Level 5.0 Conjurations


You had 6 spell levels left.
You knew the following spells:

 Your Spells              Type           Power      Damage    Failure   Level
a - Magic Dart            Conj           92%        1d7       1%          1
b - Searing Ray           Conj           46%        2d6       2%          2

Your spell library contained the following spells:

 Spells                   Type           Power      Damage    Failure   Level
 Sting                    Tmut/Pois      12%        1d3       14%         1
 Dazzling Flash           Conj/Hex       26%        N/A       14%         3
 Poisonous Vapours        Pois/Air       6%         N/A       21%         2
 Fulminant Prism          Conj/Hex       6%         3d7       43%         4
 Iskenderun's Mystic Bla  Conj/Tloc      13%        2d5       43%         4
 Olgreb's Toxic Radiance  Pois           3%         N/A       80%         4


Dungeon Overview and Level Annotations

Branches:
Dungeon (2/15)

Altars:

Annotations:
D:2 Sigmund


Innate Abilities, Weirdness & Mutations

Your plain brown scales are hard. (AC +5)
You cannot fit into any form of body armour.
You are cold-blooded and may be slowed by cold attacks.


Message History

You are confused.
Sigmund misses you.
Press: ? - help, v - describe, . - travel
Here: Sigmund, wielding a +0 scythe and wearing a +0 robe (moderately wounded)
The floor, spattered with blood.
Unknown command.
Sigmund gestures at you while chanting. The magic dart hits you!
Sigmund attacks as you move away! Sigmund barely misses you.
Unknown command.
You see here a frilled lizard corpse.
You bump into the rock wall.
Sigmund hits you from afar with a +0 scythe!
* * * LOW HITPOINT WARNING * * *
Sigmund casts a spell at you. The puff of flame misses you.
Sigmund attacks as you move away! Sigmund hits you but does no damage.
You feel less confused.
You see here a frilled lizard corpse.
Sigmund gestures at you while chanting. The puff of flame hits you!
* * * LOW HITPOINT WARNING * * *
Casting: Searing Ray (safe; 2% risk of failure)
Confirm with . or Enter, or press ? or * to list all spells.
Aiming: Searing Ray (safe; 2% risk of failure)
Press: ? - help, Shift-Dir - straight line, f/p - Sigmund
Aim: Sigmund, wielding a +0 scythe and wearing a +0 robe (moderately wounded, 75% to hit)
The searing ray hits Sigmund.
Sigmund is heavily wounded. (Press . to maintain the ray.)
The searing ray hits Sigmund!
Sigmund is almost dead.
Sigmund casts a spell.
Sigmund flickers and vanishes!
Deactivating autopickup; reactivate with Ctrl-A.
Something barely misses you.
You finish channelling your searing ray.
A magic dart appears from out of thin air!
The magic dart hits you!
You die...

#.######..####.#.#.
#..# #..# #.#.#.
#..# #..# #.#.#.
..# #..# #.#.#. #.#
#..# #..[.. #.#
#..# ###.#. #{#
#..# #.#. #†# #..#
#.#. #@# #>.# #.#.
#.#####..######...
#...............#.
#######.###.#...).
#.###.#.###.
#.......# #.
#######.###.
............
#########...


There were no monsters in sight!

Vanquished Creatures
  4 adders (D:2)
  2 worms (D:2)
  A dart slug (D:1)
  3 endoplasms (D:1)
  3 giant cockroaches
  4 goblins
  5 hobgoblins (D:1)
  4 jackals (D:1)
  4 quokkas (D:1)
  3 ball pythons
  3 bats (D:1)
  5 frilled lizards
  3 kobolds
  3 rats
47 creatures vanquished.

Notes
Turn   | Place    | Note
-------+----------+-------------------------------------------
     0 | D:1      | NinjaNoafa the Draconian Conjurer began the quest for the
                  | Orb.
     0 | D:1      | Reached XP level 1. HP: 14/14 MP: 3/3
   186 | D:1      | Reached XP level 2. HP: 20/20 MP: 0/5
   265 | D:1      | Learned a level 2 spell: Searing Ray
   540 | D:1      | Reached skill level 5 in Conjurations
   551 | D:1      | Reached XP level 3. HP: 21/26 MP: 0/6
  1136 | D:2      | Reached XP level 4. HP: 8/33 MP: 0/8
  1202 | D:2      | Identified the +0 robe of the Lotus Blossom {Int+4}
  1377 | D:2      | Noticed Sigmund
  1482 | D:2      | Killed from afar by Sigmund

Illustrated notes

Levels and vault maps discovered:
D:1:      dpeg_arrival_more_subterranean_lakeside_camping, layout_basic
D:2:      layout_loops_ring, uniq_sigmund

Skill      XL: |  1  2  3 |
---------------+----------+-----
Conjurations   | 5 |  5.0
Spellcasting   | 3 |  3.4
Dodging        | |  1.7
Stealth        | |  1.7

Action                     |  1- 3 |  4- 6 || total
---------------------------+-------+-------++-------
  Melee: Spear             |    19 |       ||    19
         Tailslap          |    11 |       ||    11
         Dagger            |    77 |       ||    77
   Cast: Magic Dart        |    45 |       ||    45
         Searing Ray       |     7 |     8 ||    15
 Armour: Skin              |    36 |     3 ||    39
  Dodge: Dodged            |    87 |     6 ||    93

Table legend: (Time is in decaauts)
 A = Elapsed time spent in this place.
 B = Non-inter-level travel time spent in this place.
 C = Inter-level travel time spent in this place.
 D = Time resting spent in this place.
 E = Time spent auto-exploring this place.
 F = Levels seen in this place.
 G = Mean time per level.
                   A        B        C        D        E       F      G
               +--------+--------+--------+--------+--------+-----+--------+
         Total |   1485 |   1426 |     59 |      0 |    982 |   2 |  742.5 |
       Dungeon |   1485 |   1426 |     59 |      0 |    982 |   2 |  742.5 |
               +--------+--------+--------+--------+--------+-----+--------+

Top non-repeatable levels by time:
     D:1: 988 daAuts
     D:2: 497 daAuts
